 Dungeon Crawl Stone Soup version 0.20.0 (webtiles) character file.

47 MatthieuS the Chiller (level 3, -2/20 HPs)
             Began as a Deep Elf Ice Elementalist on June 5, 2017.
             Shot with a stone by a goblin (3 damage)
             ... on level 2 of the Dungeon.
             The game lasted 00:05:11 (1083 turns).

MatthieuS the Chiller (Deep Elf Ice Elementalist)   Turns: 1083, Time: 00:05:12

Health: -2/20      AC:  2    Str:  2 (4)  XL:     3   Next: 48%
Magic:  2/10       EV: 13    Int: 18 (19) God:
Gold:   75         SH:  0    Dex: 12 (15) Spells: 6/9 levels left

rFire    + . .     SeeInvis +   i - +1 hunting sling
rCold    . . .     Gourm    .   (no shield)
rNeg     . . .     Faith    .   a - +0 robe
rPois    .         Spirit   .   (no helmet)
rElec    .         Reflect  .   (no cloak)
rCorr    .         Harm     .   (no gloves)
MR       .....                  (no boots)
Stlth    ++........             (no amulet)
Regen    0.1/turn               (no ring)
MPRegen  0.2/turn               (no ring)

@: lethally poisoned (-2 -> -4), flying
A: see invisible, fire resistance 1, robust 1, weak 1
a: no special abilities


You were on level 2 of the Dungeon.
You were hungry.

You visited 1 branch of the dungeon, and saw 2 of its levels.

You collected 75 gold pieces.

Inventory:

Hand Weapons
 i - a +1 hunting sling (weapon)
 o - a +0 whip
Missiles
 f - 23 poisoned needles
 g - 60 stones
 l - 9 sling bullets (quivered)
Armour
 a - a +0 robe (worn)
Scrolls
 h - a scroll of identify
Potions
 e - a potion of magic
 k - a potion of degeneration
Books
 b - a book of Frost

   Spells                             Type                      Level
   a - Freeze                         Ice                          1
   b - Throw Frost                    Conjuration/Ice              2
   c - Ozocubu's Armour               Charms/Ice                   3
   d - Throw Icicle                   Conjuration/Ice              4
   e - Summon Ice Beast               Ice/Summoning                4
Comestibles
 c - 3 bread rations
 j - a meat ration
 m - a royal jelly


   Skills:
 - Level 0.4 Slings
 + Level 2.8 Dodging
 + Level 2.8 Stealth
 + Level 3.9 Spellcasting
 + Level 1.1 Conjurations
 + Level 4.0 Ice Magic


You had 6 spell levels left.
You knew the following spells:

 Your Spells              Type           Power        Failure   Level  Hunger
a - Freeze                Ice            ###.         2%          1    None
b - Throw Frost           Conj/Ice       ##....       8%          2    ##.....


Dungeon Overview and Level Annotations

Branches:
Dungeon (2/15)

Altars:
Ashenzari

Annotations:
D:1 Terence


Innate Abilities, Weirdness & Mutations

You have supernaturally acute eyesight. (SInv)
Your flesh is heat resistant. (rF+)
You are robust. (+10% HP)
You are weak. (Str -2)


Message History

Press: ? - help, Shift-Dir - straight line, f - you That would be overly suicidal.
Okay, then.
Unknown command.
It was a potion of degeneration.
There was something very wrong with that liquid.
You feel weakened.
You feel dopey.
You feel clumsy.
It was a potion of flight.
You feel very buoyant.
You fly up into the air.
* * * LOW HITPOINT WARNING * * *
You feel sick.
The goblin shoots a stone.
The stone misses you.
You see here a stone.
* * * LOW HITPOINT WARNING * * *
You feel sick.
Found a bread ration.
* * * LOW HITPOINT WARNING * * *
You feel sick.
The goblin shoots a stone.
The stone hits you.
You die...

......... .... #...)(##..s..
(####..#####.... #...#.# ....
.####..#...#.%..###...g.# ###
###....#...# S....###.#)#
###.##.#... ###.#.# #.#(# ##
....#⌠.#.+##.⌠#...###.#(#...#
....#.........#.....g.(..#
..###........####..###.......#
.....#.......#..@l.# #...#...#
.#...+..._...+.....# ####...##
.#...#.......#...#.# #....
.#.###.....).#####.# #.###
....#.........# ..# ...
##..#⌠.##+##.⌠# .## ##
##.#.##...##...
#.............# #!#......#.
...


You could see a goblin and a frilled lizard.

Vanquished Creatures
  A gnoll (D:2)
  An adder (D:2)
  A worm (D:2)
  A dart slug (D:2)
  6 bats (D:1)
  4 hobgoblins
  A quokka (D:2)
  3 ball pythons (D:1)
  A goblin (D:2)
  3 kobolds (D:1)
  2 rats (D:1)
24 creatures vanquished.

Notes
Turn   | Place    | Note
-------+----------+-------------------------------------------
     0 | D:1      | MatthieuS the Deep Elf Ice Elementalist began the quest for the Orb.
     0 | D:1      | Reached XP level 1. HP: 10/10 MP: 6/6
   241 | D:1      | Reached XP level 2. HP: 15/15 MP: 8/8
   532 | D:1      | Gained mutation: You have supernaturally acute eyesight. (SInv) [potion of mutation]
   532 | D:1      | Gained mutation: You are weak. (Str -2) [potion of mutation]
   532 | D:1      | Gained mutation: Your flesh is heat resistant. (rF+) [potion of mutation]
   532 | D:1      | Gained mutation: You are robust. (+10% HP) [potion of mutation]
   727 | D:2      | Learned a level 2 spell: Throw Frost
   797 | D:2      | Found a shattered altar of Ashenzari.
   808 | D:2      | Noticed Terence
  1070 | D:2      | Reached skill level 4 in Ice Magic
  1070 | D:2      | Reached XP level 3. HP: 16/20 MP: 3/10
  1083 | D:2      | HP: 1/20 [poisoned by an adder]
  1083 | D:2      | Shot with a stone by a goblin

Skill      XL: |  1  2 |
---------------+-------+-----
Ice Magic      | 4 |  4.0
Slings         | |  0.4
Dodging        | |  2.8
Stealth        | |  2.8
Spellcasting   | |  3.9
Conjurations   | |  1.1

Action                   || total
-------------------------++-------
 Fire: Hunting sling     ||    46
 Cast: Freeze            ||    18
       Throw Frost       ||     5
  Use: Scroll            ||     4
       Potion            ||     4
Armor: Robe              ||     8
Dodge: Dodged            ||    27
